 Dungeon Crawl Stone Soup version 0.30-a0-924-g0ad0bf95bc (webtiles) character file.

Game seed: 6437054774149113445

22 Pimp the Chopper (level 2, 0/25 HPs)
             Began as a Hill Orc Reaver on Mar 22, 2023.
             Constricted to death by Terence (3 damage)
             ... on level 2 of the Dungeon.
             The game lasted 00:01:29 (713 turns).

Pimp the Chopper (Hill Orc Reaver)                   Turns: 713, Time: 00:01:30

Health: 0/25       AC:  3    Str: 14    XL:     2   Next: 91%
Magic:  4/4        EV:  8    Int: 13    God:
Gold:   37         SH:  0    Dex:  9    Spells: 3/4 levels left

rFire   . . .      SeeInvis .    a - +0 hand axe
rCold   . . .      Faith    .    (no shield)
rNeg    . . .      Spirit   .    b - +0 leather armour
rPois   .          Reflect  .    (no helmet)
rElec   .          Rampage  .    (no cloak)
rCorr   .                        (no gloves)
Will    .....                    (no boots)
Stlth   +                        (no amulet)
HPRegen 0.24/turn                (no ring)
MPRegen 0.09/turn                (no ring)

@: brilliant, grasped by roots, constricted
A: no striking features
a: no special abilities


You were on level 2 of the Dungeon.
You visited 1 branch of the dungeon, and saw 2 of its levels.

You collected 37 gold pieces.

Inventory:

Hand Weapons
 a - a +0 hand axe (weapon)
Missiles
 f - 2 datura-tipped darts
Armour
 b - a +0 leather armour (worn)
Scrolls
 c - a scroll of silence {unknown}
 e - 4 scrolls of noise {unknown}
 g - a scroll of magic mapping {unknown}
 h - a scroll of identify {unknown}


   Skills:
 + Level 2.8 Fighting
 + Level 4.3 Axes
 + Level 1.8 Dodging
 + Level 1.8 Spellcasting
 + Level 3.2 Conjurations


You had 3 spell levels left.
You knew the following spells:

 Your Spells              Type           Power      Damage    Failure   Level
a - Kiss of Death         Conj/Necr      32%        2d7       17%         1

Your spell library contained the following spells:

 Spells                   Type           Power      Damage    Failure   Level
 Momentum Strike          Conj/Tloc      16%        3d8       26%         2
 Hailstorm                Conj/Ice       8%         3d4       45%         3


Dungeon Overview and Level Annotations

Branches:
Dungeon (2/15)

Altars:

Annotations:
D:2 Terence


Message History

The rat attacks as you move away! The rat closely misses you.
The giant cockroach bites you.
The giant cockroach attacks as you move away!
The giant cockroach barely misses you.
It was a potion of heal wounds.
You feel much better.
The giant cockroach bites you but does no damage.
The giant cockroach waves its antennae.
The giant cockroach closely misses you.
You barely miss the giant cockroach.
The giant cockroach is almost dead.
The giant cockroach closely misses you.
Terence zaps a wand.
The roots erupt in riotous growth!
The giant cockroach is unaffected.
The grasping roots grab you!
The rat is unaffected.
Terence is unaffected.
The grasping roots constrict you.
Unknown command.
You hit the giant cockroach but do no damage.
The giant cockroach is almost dead.
The giant cockroach closely misses you. The grasping roots constrict you.
You hit the giant cockroach.
You kill the giant cockroach!
Terence shouts, "Get ready for death!"
The grasping roots constrict you.
You hit the rat but do no damage. The grasping roots constrict you.
The rat bites you.
The grasping roots release their grip on you.
You hit the rat but do no damage. The rat misses you.
Terence zaps a wand.
The roots erupt in riotous growth!
The rat is unaffected.
The grasping roots grab you!
Terence is unaffected.
The giant cockroach is unaffected.
The grasping roots constrict you.
* * * LOW HITPOINT WARNING * * *
Unknown command.
You hit the rat.
You kill the rat!
The grasping roots constrict you.
* * * LOW HITPOINT WARNING * * *
It was a potion of brilliance.
You feel clever all of a sudden. The giant cockroach barely misses you.
The grasping roots constrict you.
You die...

......+.......#.###'####
#.....####.##.#.#......#
.....## #.##.#.#......#
#.##.# #.##.#.#......# #.
#.# #.##.#.#......# #.
#.#####.##.#.###'#### # .
#. #.#....†...#......# .#
.#
..##.#.....########..###.
..#
#.##.#..###.....@B@..#..
....
#.##.#.........###...#.#...
............##.# #...#..###
.........##.# ..#........#
#.#.........# #........#.#
.....#........ ###..##....#
#.#######...... ....#
..#....
#.........#.#........ ..#
.#. #.#########.#...=#...
.## #


You could see Terence and a giant cockroach.

Vanquished Creatures
  2 ball pythons
  3 bats (D:1)
  2 endoplasms
  2 giant cockroaches
  3 hobgoblins (D:1)
  2 jackals (D:1)
  A kobold (D:1)
  3 frilled lizards
  2 rats
20 creatures vanquished.

Notes
Turn   | Place    | Note
-------+----------+-------------------------------------------
     0 | D:1      | Pimp the Hill Orc Reaver began the quest for the Orb.
     0 | D:1      | Reached XP level 1. HP: 18/18 MP: 3/3
   219 | D:1      | Reached XP level 2. HP: 23/25 MP: 4/4
   698 | D:2      | Noticed Terence
   713 | D:2      | Constricted to death by Terence

Illustrated notes

Levels and vault maps discovered:
D:1:      amcnicky_arrival_double_pillar, layout_loops_cross
D:2:      layout_basic, item_on_display_a, uniq_terence

Action                     || total
---------------------------++-------
  Melee: Hand axe          ||    65
         Punch             ||     1
   Cast: Kiss of Death     ||     1
    Use: Potion            ||     2
 Armour: Leather armour    ||    23
  Dodge: Dodged            ||    52

Table legend: (Time is in decaauts)
 A = Elapsed time spent in this place.
 B = Non-inter-level travel time spent in this place.
 C = Inter-level travel time spent in this place.
 D = Time resting spent in this place.
 E = Time spent auto-exploring this place.
 F = Levels seen in this place.
 G = Mean time per level.
                   A        B        C        D        E       F      G
               +--------+--------+--------+--------+--------+-----+--------+
         Total |    718 |    700 |     18 |     27 |    495 |   2 |  359.0 |
       Dungeon |    718 |    700 |     18 |     27 |    495 |   2 |  359.0 |
               +--------+--------+--------+--------+--------+-----+--------+

Top non-repeatable levels by time:
     D:1: 571 daAuts
     D:2: 147 daAuts
